 Dungeon Crawl Stone Soup version 0.30.1-9-gdf580d7c3d (webtiles) character file.

Game seed: 1513698336664704843

452 Ironcache the Shooter (level 6, -2/33 HPs)
             Began as a Spriggan Hunter on Oct 4, 2023.
             Was an Initiate of Dithmenos.
             Slain by a killer bee (6 damage)
             ... on level 7 of the Dungeon.
             The game lasted 00:23:26 (4027 turns).

Ironcache the Shooter (Spriggan Hunter)             Turns: 4027, Time: 00:23:26

Health: -2/33      AC:  3    Str:  7    XL:     6   Next: 75%
Magic:  7/7        EV: 20    Int: 10    God:    Dithmenos [......]
Gold:   221        SH:  0    Dex: 21    Spells: 5/5 levels left

rFire   . . .        b - +4 quarterstaff (chaos)
rCold   . . .        (shield currently unavailable)
rNeg    . . .        c - +0 robe
rPois   .            (helmet restricted)
rElec   .            x - +0 cloak
rCorr   .            (gloves unavailable)
SInv    +            (boots unavailable)
Will    +....        k - amulet of magic regeneration
Stlth   +++          (no ring)
HPRegen 0.25/turn    (no ring)
MPRegen 0.50/turn

%: no passive effects
@: lethally poisoned (-2 -> -10), about to teleport, weakened, very quick
A: very small, no large weapons, unfitting armour, see invisible, speed 3
a: Renounce Religion


You were on level 7 of the Dungeon.
You worshipped Dithmenos.
Dithmenos was noncommittal.
You visited 2 branches of the dungeon, and saw 6 of its levels.

You collected 221 gold pieces.

Inventory:

Hand Weapons
 a - a +0 shortbow
 b - a +4 quarterstaff of chaos (weapon)
 s - a +0 dagger of protection
 w - a +1 short sword of venom
 B - a +2 falchion
Missiles
 t - 2 silver boomerangs
Armour
 c - a +0 robe (worn)
 x - a +0 cloak (worn)
Jewellery
 g - a ring of fire
 h - a ring of fire
 k - an amulet of magic regeneration (around neck)
Wands
 A - a wand of acid (5)
Scrolls
 d - a scroll of immolation
 j - 2 scrolls of teleportation
 m - a scroll of noise {unknown}
 n - a scroll of poison {unknown}
 p - 2 scrolls of vulnerability {unknown}
 q - a scroll of acquirement {unknown}
 r - 3 scrolls of identify {unknown}
 y - a scroll of summoning {unknown}
Potions
 e - a potion of flight {unknown}
 f - a potion of attraction {unknown}
 i - 2 potions of brilliance {unknown}
 l - a potion of heal wounds
 o - 2 potions of curing {unknown}
 u - a potion of resistance {unknown}
 v - a potion of mutation {unknown}
 z - a potion of invisibility {unknown}


   Skills:
 * Level 4.0 Fighting
 + Level 5.1 Ranged Weapons
 + Level 4.8 Dodging
 + Level 5.0 Stealth


You had 5 spell levels left.
You didn't know any spells.
Your spell library contained the following spells:

 Spells                   Type           Power      Damage    Failure   Level
 Sublimation of Blood     Necr           0%         N/A       50%         2
 Wereblood                Tmut           0%         N/A       50%         2
 Petrify                  Tmut/Erth      0%         N/A       98%         4
 Alistair's Intoxication  Tmut/Pois      0%         N/A       100%        5
 Borgnjor's Vile Clutch   Necr/Erth      0%         N/A       100%        5
 Metabolic Englaciation   Hex/Ice        0%         N/A       100%        5
 Eringya's Noxious Bog    Tmut/Pois      0%         N/A       100%        6
 Statue Form              Tmut/Erth      0%         N/A       100%        6
 Summon Hydra             Summ           0%         N/A       100%        7


Dungeon Overview and Level Annotations

Branches:
Dungeon (7/15)             Temple (1/1) D:7

Altars:
Ashenzari
Cheibriados
Dithmenos
Elyvilon
Fedhas
Gozag
Hepliaklqana
Kikubaaqudgha
Makhleb
Nemelex Xobeh
Okawaru
Qazlal
Ru
Sif Muna
Trog
Uskayaw
Vehumet
Wu Jian
Xom
Yredelemnul
Zin
The Shining One

Annotations:
D:3 Ijyb


Innate Abilities, Weirdness & Mutations

You are very small and have problems with some larger weapons.
You are too small for most types of armour.
You have supernaturally acute eyesight. (SInv)
You cover ground extremely quickly. (Speed+++)


Message History

b - a +4 quarterstaff of chaos (weapon)
The killer bee misses you.
A gnoll bouda comes into view. It is wielding a +0 whip.
The killer bee closely misses you.
You hit the killer bee.
The killer bee is moderately wounded.
The killer bee barely misses you. The killer bee stings you!
You are poisoned.
The killer bee poisons you! The killer bee completely misses you.
A gnoll comes into view. It is wielding a +0 spear.
The killer bee completely misses you. The killer bee barely misses you.
The gnoll bouda gazes fiercely through you!
You feel your attacks grow feeble.
The gnoll shouts!
You hit the killer bee. You freeze the killer bee.
The killer bee is heavily wounded.
You feel very sick.
You hear an angry buzzing noise.
Something shouts, "Away with thee, thou mangled ruttish grub!"
You hear an angry buzzing noise.
The killer bee completely misses you. The killer bee closely misses you.
A killer bee comes into view.
The killer bee stings you but does no damage.
The killer bee completely misses you.
The killer bee attacks as you move away!
The killer bee closely misses you.
You feel sick.
A killer bee comes into view.
The gnoll bouda barks out a call to the hunt!
The gnolls pick up the pace!
The killer bee stings you.
You are more poisoned.
The killer bee poisons you! The killer bee stings you!
* * * LOW HITPOINT WARNING * * *
Okay, then.
As you read the scroll labelled YROENA XAUFE, it crumbles to dust.
You feel strangely unstable.
It was a scroll of teleportation.
* * * LOW HITPOINT WARNING * * *
You feel very sick. The killer bee closely misses you.
The killer bee stings you.
You die...

#....# #############.#.##.#
#....###..................#
....................#..####
#.######............#.##
#.#######.##.......#..#
..........##....[..#.##
..[..####.##.......#.#
...#.# #............#
##'#########....@...##
.....#.........yy#..#
.###.#.........g.#.#######
.'>#.'...................#
.###.#.######....#[......#
.....#.# #g.####.......#
##+###g# #..g## #.......#
.##yy## #.......# ..#..
#.......#


You could see a gnoll bouda, 3 killer bees and 2 gnolls.

Vanquished Creatures
  2 scorpions (D:4)
  3 wights (D:7)
  Crazy Yiuf (D:3)
  An iguana (D:7)
  Terence (D:3)
  4 worms
  A dart slug (D:4)
  8 orcs
  7 ball pythons
  5 endoplasms
  8 goblins
  7 hobgoblins
  3 jackals (D:2)
  8 kobolds
  3 quokkas
  4 bats
  5 frilled lizards
  3 rats
74 creatures vanquished.

Notes
Turn   | Place    | Note
-------+----------+-------------------------------------------
     0 | D:1      | Ironcache the Spriggan Hunter began the quest for the Orb.
     0 | D:1      | Reached XP level 1. HP: 10/10 MP: 2/2
   175 | D:1      | Reached XP level 2. HP: 15/15 MP: 3/3
   599 | D:1      | Reached XP level 3. HP: 18/18 MP: 4/4
  1278 | D:2      | Found a faded altar of an unknown god.
  1681 | D:3      | Noticed Ijyb
  1783 | D:3      | Noticed Terence
  1824 | D:3      | Killed Terence
  1825 | D:3      | Reached XP level 4. HP: 20/23 MP: 5/5
  2117 | D:3      | Found a radiant altar of Vehumet.
  2263 | D:3      | Found a runed translucent door.
  2264 | D:3      | Noticed Crazy Yiuf
  2412 | D:3      | Killed Crazy Yiuf
  2629 | D:4      | Found a blossoming altar of Fedhas.
  2655 | D:4      | Noticed a scorpion
  2660 | D:4      | Killed a scorpion
  2661 | D:4      | Reached XP level 5. HP: 28/28 MP: 6/6
  2888 | D:4      | Reached XP level 6. HP: 32/32 MP: 7/7
  2898 | D:4      | You fall into a shaft and drop 3 floors!
  3011 | D:7      | Found a staircase to the Ecumenical Temple.
  3019 | Temple   | Entered the Ecumenical Temple
  3706 | Temple   | Became a worshipper of Dithmenos the Shadowed
  3946 | D:7      | Reached skill level 5 in Ranged Weapons
  3980 | D:7      | Reached skill level 5 in Stealth
  4027 | D:7      | Slain by a killer bee

Illustrated notes

Levels and vault maps discovered:
D:1:      minmay_arrival_solitary_statue, layout_basic
D:2:      layout_basic, shapermc_ecumenical_altar_mp_highgroup
D:3:      layout_loops_ring, mainiacjoe_overflow_chevrons,
          grunt_decor_resistance, uniq_terence, uniq_ijyb,
          uniq_crazy_yiuf_cottage
D:4:      layout_basic, lemuel_tele_altar
D:7:      layout_basic, minmay_temple_entry_glassed_door,
          chequers_serial_rivers_small_b, serial_bayou_pond_b,
          grunt_ministairs_3, kennysheep_flooded_box
Temple:   mainiacjoe_temple_cubbyholes

Skill      XL: |  1  2  3  4  5  6 |
---------------+-------------------+-----
Stealth        | 2 3 4 5 |  5.0
Dodging        | 3 4 |  4.8
Fighting       | 2 3 4 |  4.0
Ranged Weapons | 5 |  5.1

Action                     |  1- 3 |  4- 6 || total
---------------------------+-------+-------++-------
  Melee: Dagger            |    80 |    34 ||   114
         Punch             |     1 |       ||     1
         Quarterstaff      |       |    26 ||    26
   Fire: Shortbow          |    81 |    93 ||   174
    Use: Potion            |       |     2 ||     2
         Scroll            |       |     1 ||     1
   Stab: Sleeping          |     1 |       ||     1
 Armour: Robe              |    21 |     5 ||    26
  Dodge: Dodged            |    80 |    65 ||   145
